 Dungeon Crawl Stone Soup version 0.22-a0-247-gbddf880757 (webtiles) character file.

88004 Peterchen the Executioner (level 15, -10/151 HPs)
             Began as a Minotaur Berserker on Feb 24, 2018.
             Was a High Priest of Trog.
             Mangled by a sixfirhy (12 damage)
             ... summoned by a deep elf mage
             ... on level 3 of the Elven Halls.
             The game lasted 01:28:00 (23057 turns).

Peterchen the Executioner (Minotaur Berserker)     Turns: 23057, Time: 01:28:00

Health: -10/151    AC: 14    Str: 34    XL:     15   Next: 45%
Magic:  0/15       EV: 12    Int:  4    God:    Trog [*****.]
Gold:   763        SH:  0    Dex:  9    Spells: 14/14 levels left

rFire    + + .     SeeInvis +   U - +8 executioner's axe (chop)
rCold    + . .     Gourm    .   (shield currently unavailable)
rNeg     . . .     Faith    .   q - +7 plate armour {rF+}
rPois    .         Spirit   +   r - +2 hat {SInv}
rElec    .         Reflect  .   (no cloak)
rCorr    .         Harm     .   J - +2 pair of gloves
MR       +....                  p - +2 pair of boots
Stlth    ..........             P - amulet of guardian spirit
HPRegen  0.35/turn              O - ring of protection from cold
MPRegen  0.14/turn              B - +2 ring of evasion

@: mighty, corroded, berserk cooldown, starving, slowed, very slow
A: retaliatory headbutt, horns 2, repulsion field 1, fire resistance 1, high mp
1
a: Berserk, Trog's Hand, Brothers in Arms, Renounce Religion


You were on level 3 of the Elven Halls.
You worshipped Trog.
Trog was extremely pleased with you.
You were starving.

You visited 3 branches of the dungeon, and saw 20 of its levels.
You also visited: Sewer, Ossuary and Bailey.

You collected 2180 gold pieces.
You spent 1417 gold pieces at shops.

Inventory:

Hand Weapons
 U - a +8 executioner's axe of chopping (weapon)
Missiles
 t - 45 tomahawks of returning
 M - 38 tomahawks (quivered)
Armour
 p - a +2 pair of boots (worn)
 q - a +7 plate armour of fire resistance (worn)
 r - a +2 hat of see invisible (worn)
 I - the +5 scale mail of Surprise {rElec Str+4}
   (You found it on level 7 of the Dungeon)

   It affects your strength (+4).
   It insulates you from electricity.
 J - a +2 pair of gloves (worn)
Jewellery
 i - an uncursed ring of wizardry
 B - a +2 ring of evasion (right hand)
 O - a ring of protection from cold (left hand)
 P - an amulet of guardian spirit (around neck)
Wands
 a - a wand of paralysis (13)
 e - a wand of digging (13)
 u - a wand of random effects (27)
 L - a wand of iceblast (10)
Scrolls
 b - 8 scrolls of fear
 d - 11 scrolls of remove curse
 f - 2 scrolls of amnesia
 g - 9 scrolls of magic mapping
 k - a scroll of identify
 n - 6 scrolls of teleportation
 x - a scroll of fog
 y - a scroll of immolation
 A - 4 scrolls of random uselessness
 E - a scroll of enchant weapon
 H - a scroll of vulnerability
 K - 3 scrolls of silence
 N - a scroll of holy word {unknown}
Potions
 h - 10 potions of flight
 j - a potion of cancellation
 l - 7 potions of agility
 m - 8 potions of haste
 o - 6 potions of lignification
 s - 4 potions of might
 v - a potion of curing
 w - a potion of magic {unknown}
 z - 5 potions of brilliance
 C - 2 potions of mutation
 D - 2 potions of berserk rage
 F - 3 potions of ambrosia
 G - a potion of invisibility
Miscellaneous
 S - a box of beasts
Comestibles
 c - 26 rations


   Skills:
 - Level 18.9 Fighting
 * Level 23.6 Axes
 - Level 2.4 Armour
 - Level 2.1 Dodging


You had 14 spell levels left.
You didn't know any spells.

Dungeon Overview and Level Annotations

Branches:
Dungeon (15/15)            Temple (0/1) D:4            Lair (0/6) D:11
    Orc (2/2) D:10            Elf (3/3) Orc:2        Vaults (0/5) D:14
 Depths (0/5) D:15

Altars:
Nemelex Xobeh
The Shining One
Beogh

Shops:
D:6 *   D:9 *   D:15 }:}:   Orc:2 [(*=

Annotations:
D:4 1 runed door


Innate Abilities, Weirdness & Mutations

You reflexively headbutt those who attack you in melee.
You have a pair of horns on your head.
You are surrounded by a mild repulsion field. (EV +2)
Your flesh is heat resistant. (rF+)
You have an increased reservoir of magic. (+10% MP)


Message History

A vortex of raging winds appears around the air elemental!
Found a rapier and 17 stones.
An air elemental comes into view.
You feel very mighty all of a sudden.
The vortex of raging winds lifts you up.
You fly up into the air.
* * * LOW HITPOINT WARNING * * *
x2 The air elemental hits you but does no damage.
The air elemental hits you!
* * * LOW HITPOINT WARNING * * *
The air elemental barely misses you. x2
You slice the air elemental!!
You destroy the air elemental!
Trog accepts your kill.
You are engulfed in raging winds.
The deep elf mage gestures wildly while chanting.
You float gracefully downwards.
The sixfirhy hits you!
* * * LOW HITPOINT WARNING * * *
The sixfirhy shocks you!
You die...

## ###.###
##+.....+##
#...§..§..#
#§§.e.§§..#
+§§.3P§§..#
#.§.@§§§..#
#§.§§§§§..#
###.§.§§###
###.#+# ##


You could see a deep elf mage and a sixfirhy.

Vanquished Creatures
  Saint Roka (Elf:1)
  Gastronok (D:8)
  Frances (D:13)
  Kirke (D:14)
  Roxanne (D:15)
  An orc warlord (Orc:2)
  Nessos (D:14)
  A deep elf annihilator (Elf:1)
  A dire elephant (D:15)
  An ettin (Orc:2)
  An ogre mage (D:15)
  2 hydras
  A centaur warrior (D:14)
  2 death knights
  8 two-headed ogres
  9 dancing weapons
  A tengu warrior (D:11)
  5 deep elf knights
  3 unseen horrors
  An obsidian statue (D:13)
  A wizard (D:15)
  An orange crystal statue (D:13)
  2 deep elf archers (Elf:1)
  8 orc knights
  2 wolf spider zombies (D:15)
  2 necromancers (D:14)
  29 deep elf magi
  Pikel (D:4)
  6 ugly things
  7 cyclopes
  A wolf spider (D:15)
  2 orc sorcerers (Orc:2)
  A manticore (D:14)
  A salamander (D:15)
  A molten gargoyle (D:14)
  2 gargoyles
  A kobold demonologist (D:11)
  The ghost of RedPan the Slasher, a novice DsMo (D:6)
  A yaktaur (D:15)
  3 centaur skeletons (D:15)
  A komodo dragon (D:11)
  7 trolls
  A hornet (D:12)
  8 slime creatures
  A wolf spider simulacrum (D:15)
  6 hippogriffs
  3 air elementals
  2 hogs (D:14)
  3 water elementals (Elf:1)
  A yak (shapeshifter) (Elf:1)
  2 shadows (D:13)
  4 wraiths
  3 fire elementals
  6 yaks
  4 wyverns
  A basilisk (D:15)
  A steam dragon (D:11)
  3 hungry ghosts
  Menkaure (D:4)
  6 wargs
  2 soldier ants
  41 orc warriors
  3 phantoms
  2 necrophages
  5 sky beasts
  A slave (D:4)
  2 black bears (D:6)
  3 ice beasts
  9 ogres
  The ghost of RedPan the Ducker, an amateur DsMo (D:4)
  11 centaurs
  2 big kobolds (D:12)
  A crocodile (D:11)
  10 bullfrogs
  4 scorpions
  3 killer bees (D:8)
  2 howler monkeys (D:9)
  12 wights
  6 centaur zombies
  7 crimson imps
  3 lava snakes (D:14)
  2 bullfrog zombies (Ossuary)
  A quasit (D:15)
  A jelly (shapeshifter) (D:15)
  4 bullfrog skeletons
  5 jellies
  18 orc priests
  4 hounds
  Terence (D:2)
  An iguana (D:8)
  25 orc wizards
  6 worker ants
  A killer bee zombie (Ossuary)
  3 hound zombies
  11 mummies
  5 worker ant zombies (Ossuary)
  A gnoll (Bailey)
  20 adders
  A howler monkey skeleton (D:6)
  4 river rats (Sewer)
  5 shadow imps
  3 oozes
  An adder skeleton (D:9)
  4 adder zombies (Ossuary)
  2 worms
  A dart slug (D:3)
  3 leopard geckos
  110 orcs
  14 ball pythons
  8 bats
  7 giant cockroaches
  16 goblins
  15 hobgoblins
  9 jackals
  3 quokkas
  12 frilled lizards
  2 giant cockroach zombies
  4 goblin skeletons (D:7)
  2 goblin zombies (D:7)
  3 hobgoblin zombies (D:7)
  A jackal skeleton (D:7)
  A jackal zombie (Ossuary)
  26 kobolds
  2 kobold skeletons (D:7)
  4 leopard gecko zombies
  2 orc skeletons (D:7)
  3 quokka zombies (Ossuary)
  30 rats
  A fire vortex (D:14)
  A plant (Elf:1)
719 creatures vanquished.

Vanquished Creatures (collateral kills)
  Louise (D:15)
  Erolcha (D:9)
  An orc high priest (Orc:2)
  A deep elf archer (Elf:1)
  An orc sorcerer (Orc:2)
  4 ugly things (D:14)
  A vampire (D:14)
  A warg (Orc:2)
  4 orc warriors
  An orc priest (D:11)
  An orc wizard (Orc:2)
  A gnoll (Bailey)
  3 orcs
  3 hobgoblins (Bailey)
  5 kobolds (Bailey)
29 creatures vanquished.

Vanquished Creatures (others)
  A human (D:14)
  An orc warrior (D:14)
  A centaur zombie (D:12)
  3 orc wizards (D:14)
  2 orcs
  A kobold (D:12)
  A plant (D:11)
  A withered plant (Ossuary)
11 creatures vanquished.

Grand Total: 759 creatures vanquished

Notes
Turn   | Place    | Note
-------+----------+-------------------------------------------
     0 | D:1      | Peterchen the Minotaur Berserker began the quest for the Orb.
     0 | D:1      | Reached XP level 1. HP: 19/19 MP: 0/0
    61 | D:1      | Reached skill level 4 in Axes
   139 | D:1      | Reached XP level 2. HP: 25/26 MP: 1/1
   179 | D:1      | Reached ** piety under Trog
   181 | D:1      | Reached skill level 5 in Axes
   231 | D:1      | Reached XP level 3. HP: 24/31 MP: 2/2
   940 | D:2      | Noticed Terence
   946 | D:2      | Killed Terence
   946 | D:2      | Reached skill level 6 in Axes
   946 | D:2      | Reached XP level 4. HP: 39/39 MP: 3/3
  1488 | D:3      | Reached XP level 5. HP: 43/45 MP: 4/4
  1535 | D:3      | Reached skill level 7 in Axes
  1636 | D:3      | Reached *** piety under Trog
  1721 | D:3      | Found a glowing drain.
  2095 | Sewer    | Entered a sewer
  2304 | Sewer    | Reached skill level 8 in Axes
  2384 | Sewer    | Reached XP level 6. HP: 51/51 MP: 5/5
  2388 | Sewer    | Reached **** piety under Trog
  2474 | Sewer    | Reached skill level 9 in Axes
  2558 | D:4      | Noticed RedPan's ghost (amateur DsMo)
  2563 | D:4      | Killed RedPan's ghost
  2563 | D:4      | Reached XP level 7. HP: 57/57 MP: 6/6
  2687 | D:4      | Found a glowing golden altar of the Shining One.
  2687 | D:4      | Noticed an angel
  2688 | D:4      | Found a runed door.
  2753 | D:4      | Reached skill level 10 in Axes
  2886 | D:4      | Found a staircase to the Ecumenical Temple.
  2949 | D:4      | Noticed Menkaure
  2955 | D:4      | Killed Menkaure
  2978 | D:4      | Noticed Pikel
  2999 | D:4      | Killed Pikel
  2999 | D:4      | Reached skill level 12 in Axes
  2999 | D:4      | Reached XP level 8. HP: 46/64 MP: 7/7
  3160 | D:5      | Entered Level 5 of the Dungeon
  3411 | D:5      | Reached skill level 13 in Axes
  3919 | D:6      | Found a sparkling altar of Nemelex Xobeh.
  3958 | D:6      | Reached ***** piety under Trog
  4122 | D:6      | Reached XP level 9. HP: 53/70 MP: 8/8
  4180 | D:6      | Reached skill level 14 in Axes
  4208 | D:6      | Noticed RedPan's ghost (novice DsMo)
  4214 | D:6      | Killed RedPan's ghost
  4305 | D:6      | Found Aneir's Assorted Antiques.
  4354 | D:6      | Found a sand-covered staircase.
  4362 | Ossuary  | Entered an ossuary
  4456 | Ossuary  | Reached skill level 15 in Axes
  4772 | D:6      | Bought a short brass wand for 124 gold pieces
  5466 | D:7      | Got a heavily runed scale mail
  5477 | D:7      | Identified the +5 scale mail of Surprise {rElec Str+4} (You found it on level 7 of the Dungeon)
  5587 | D:7      | Found a glowing golden altar of the Shining One.
  5921 | D:8      | Noticed Gastronok
  5935 | D:8      | Killed Gastronok
  5935 | D:8      | Reached skill level 17 in Axes
  5935 | D:8      | Reached XP level 10. HP: 77/77 MP: 9/9
  6153 | D:8      | Received a gift from Trog
  7036 | D:8      | Reached skill level 18 in Axes
  7424 | D:9      | Found a flagged portal.
  7484 | Bailey   | Entered a bailey
  7548 | Bailey   | Noticed an orc knight
  7710 | Bailey   | Noticed an orc knight
  8115 | Bailey   | Killed an orc knight
  8252 | Bailey   | Killed an orc knight
  8714 | D:9      | Reached XP level 11. HP: 81/82 MP: 10/10
  8797 | D:9      | Found Cituaz's Assorted Antiques.
  8821 | D:9      | Bought a scroll of identify for 66 gold pieces
  8821 | D:9      | Bought a scroll of teleportation for 99 gold pieces
  8882 | D:9      | Noticed Erolcha
  8885 | D:9      | Killed Erolcha
  9504 | D:10     | Entered Level 10 of the Dungeon
  9517 | D:10     | Reached skill level 19 in Axes
  9608 | D:10     | Found a staircase to the Orcish Mines.
 10295 | D:11     | Noticed a purple ugly thing
 10307 | D:11     | Noticed a red ugly thing
 10308 | D:11     | Killed a purple ugly thing
 10315 | D:11     | Reached skill level 5 in Fighting
 10319 | D:11     | Killed a red ugly thing
 10402 | D:11     | Received a gift from Trog
 10455 | D:11     | Found a staircase to the Lair.
 10797 | D:11     | Noticed a tengu warrior
 10805 | D:11     | Killed a tengu warrior
 10941 | D:11     | Reached skill level 10 in Fighting
 11505 | D:12     | Noticed a two-headed ogre
 11514 | D:12     | Killed a two-headed ogre
 11514 | D:12     | Reached XP level 12. HP: 110/110 MP: 11/11
 11519 | D:12     | Noticed a two-headed ogre
 11521 | D:12     | Killed a two-headed ogre
 11673 | D:12     | Noticed a death knight
 11681 | D:12     | Killed a death knight
 11776 | D:12     | Received a gift from Trog
 11976 | D:12     | Reached ****** piety under Trog
 12597 | D:12     | Noticed a two-headed ogre
 12604 | D:12     | Killed a two-headed ogre
 13413 | D:13     | Found a roughly hewn altar of Beogh.
 13429 | D:13     | Reached skill level 15 in Fighting
 13531 | D:13     | Noticed Frances
 13546 | D:13     | Killed Frances
 13669 | D:13     | Reached XP level 13. HP: 128/128 MP: 12/12
 14644 | D:14     | Noticed Kirke
 14654 | D:14     | Killed Kirke
 14743 | D:14     | Received a gift from Trog
 14969 | D:14     | Found a gate to the Vaults.
 15281 | D:14     | Noticed Nessos
 15677 | D:14     | Killed Nessos
 16176 | D:15     | Entered Level 15 of the Dungeon
 16365 | D:15     | Noticed Louise
 16385 | D:15     | Killed Louise
 16941 | D:15     | Found Dizumeno's Gadget Shoppe.
 16983 | D:15     | Bought a box of beasts for 260 gold pieces
 16997 | D:15     | Found Dufet's Food Shop.
 17173 | D:15     | Bought a ration for 60 gold pieces
 17173 | D:15     | Bought a ration for 60 gold pieces
 17173 | D:15     | Bought a ration for 60 gold pieces
 17173 | D:15     | Bought a ration for 60 gold pieces
 17173 | D:15     | Bought a ration for 60 gold pieces
 17173 | D:15     | Bought a ration for 60 gold pieces
 17173 | D:15     | Bought a ration for 60 gold pieces
 17180 | D:15     | Found Feqepaps's Book Boutique.
 17214 | D:15     | Noticed Roxanne
 17222 | D:15     | Killed Roxanne
 17226 | D:15     | Identified Roxanne's Tome of Moulding (You took it off Roxanne on level 15 of the Dungeon)
 17259 | D:15     | Reached XP level 14. HP: 123/144 MP: 10/13
 17329 | D:15     | Found Roats's Book Shop.
 17429 | D:15     | Found Ydwatuj's Gadget Emporium.
 17435 | D:15     | Reached skill level 20 in Axes
 17629 | D:15     | Found a staircase to the Depths.
 18591 | Orc:1    | Entered Level 1 of the Orcish Mines
 18649 | Orc:1    | Received a gift from Trog
 18821 | Orc:2    | Entered Level 2 of the Orcish Mines
 18897 | Orc:2    | Reached skill level 21 in Axes
 19105 | Orc:2    | Found a roughly hewn altar of Beogh.
 19105 | Orc:2    | Noticed an orc warlord
 19119 | Orc:2    | Received a gift from Trog
 19128 | Orc:2    | Killed an orc warlord
 19605 | Orc:2    | Found a staircase to the Elven Halls.
 19874 | Orc:2    | Found Ymopimpe's Antique Armour Boutique.
 19892 | Orc:2    | Found Bampy's Jewellery Boutique.
 19915 | Orc:2    | Found Kapnuh's Antique Weapon Boutique.
 20098 | Orc:2    | Found Daxzea's General Store.
 20407 | Orc:2    | Bought an ancient plate armour for 448 gold pieces
 20417 | Orc:2    | Identified the +1 plate armour of Vehumet's Envy {Int+2 Slay+5} (You bought it in a shop on level 2 of the Orcish Mines)
 20435 | Orc:2    | Gained mutation: You are surrounded by a mild repulsion field. (EV +2) [potion of mutation]
 20435 | Orc:2    | Gained mutation: You have an increased reservoir of magic. (+10% MP) [potion of mutation]
 20435 | Orc:2    | Gained mutation: Your flesh is heat resistant. (rF+) [potion of mutation]
 20489 | Elf:1    | Entered Level 1 of the Elven Halls
 21055 | Elf:1    | Reached skill level 22 in Axes
 21423 | Elf:1    | Reached XP level 15. HP: 151/151 MP: 13/15
 21430 | Elf:1    | Received a gift from Trog
 21462 | Elf:1    | Identified Louviufywn's Almanac of Confrontation
 22085 | Elf:1    | Reached skill level 23 in Axes
 22261 | Elf:2    | Noticed Saint Roka
 22675 | Elf:1    | Killed Saint Roka
 23052 | Elf:3    | Entered Level 3 of the Elven Halls
 23057 | Elf:3    | HP: 2/151 [sixfirhy[a deep elf mage] (7)]
 23057 | Elf:3    | Mangled by a sixfirhy

Vault maps used:
D:1:      lightli_arrival_boilingwater, serial_forest,
          infiniplex_forest_diagonal, infiniplex_forest_lined_room_3,
          infiniplex_forest_zigzag_2, infiniplex_forest_corner_1,
          infiniplex_forest_lined_corner, infiniplex_forest_lined_3_way,
          infiniplex_forest_corner_1, infiniplex_forest_clump_cross,
          dk_noncrumbling_4, minmay_misc_feat_diagonals
D:2:      eino_tiny_chamber, st_stairs_4, minmay_misc_feat_five,
          serial_park_tiny_2, uniq_terence
D:3:      portal_sewer_entry_a, st_stairs_7
D:4:      minmay_temple_entry_trees, first_ration, lemuel_angel_altar,
          uniq_menkaure, uniq_pikel
D:6:      serial_shops, nicolae_shop_statue_plus, gup_ossuary_entry_pyramid,
          grunt_ministairs_3, nemelex_lonely_heart_becter
D:7:      nicolae_tso_besieged_by_evil
D:8:      nicolae_whirlpool, uniq_gastronok
D:9:      serial_shops, nicolae_shop_waterfront, enter_bailey_3, uniq_erolcha
D:10:     erik_orc_4
D:11:     david_lair_shrubbed
D:12:     hangedman_stone_soup, nicolae_wwwww
D:13:     minmay_separated_statues, special_room, uniq_frances
D:14:     david_vaults_1, serial_shops, freezing_bzr, kennysheep_nondescript,
          amethyst_killhole, kennysheep_cluttered_room, uniq_kirke, uniq_nessos
D:15:     hangedman_depths_entry_try_elsewhere_first, serial_shops, shop,
          nicolae_shop_window_shopping, nicolae_shop_trees,
          nicolae_shop_crystal, shop, uniq_louise, uniq_roxanne
Orc:2:    grunt_orc_cross
Elf:1:    minmay_elf_arrival_summoners, minmay_elf_annihilation,
          minmay_crystal_room
Elf:2:    uniq_saint_roka
Elf:3:    minmay_elf_hall_golems, special_room, minmay_shop_grove
Sewer:    sewer_minmay_w
Ossuary:  ossuary_zaba_flooded
Bailey:   bailey_axe_4, bailey

Skill      XL: |  1  2  3  4  5  6  7  8  9 10 11 12 13 14 15 |
---------------+----------------------------------------------+-----
Axes           | 4 5 6 8 9 12 13 17 18 19 22 23 | 23.6
Fighting       | 11 15 18 | 18.9
Armour         | |  2.4
Dodging        | |  2.1

Action                   |  1- 3 |  4- 6 |  7- 9 | 10-12 | 13-15 || total
-------------------------+-------+-------+-------+-------+-------++-------
Melee: Hand axe          |    62 |   169 |   120 |       |       ||   351
       Headbutt          |     8 |    21 |    68 |   101 |   137 ||   335
       War axe           |       |       |   263 |   233 |       ||   496
       Battleaxe         |       |       |       |   237 |   277 ||   514
       Broad axe         |       |       |       |    65 |       ||    65
       Executioner's axe |       |       |       |       |   254 ||   254
Throw: Tomahawk          |       |       |     2 |    47 |    26 ||    75
Invok: Berserk           |     3 |     7 |     4 |    20 |    19 ||    53
       Brothers in Arms  |       |       |       |     4 |     9 ||    13
       Trog's Hand       |       |       |       |       |     4 ||     4
Evoke: Wand              |       |       |       |    12 |     2 ||    14
  Use: Scroll            |       |     6 |     6 |    10 |    25 ||    47
       Potion            |       |       |       |     4 |    13 ||    17
 Stab: Distracted        |       |       |       |       |     6 ||     6
  Eat: Chunk             |     2 |    12 |    12 |    34 |    17 ||    77
       Ration            |       |       |     1 |     4 |    10 ||    15
Armor: Animal skin       |    18 |       |       |       |       ||    18
       Scale mail        |     8 |    79 |    83 |   257 |   156 ||   583
       Plate armour      |       |       |       |       |    21 ||    21
Dodge: Dodged            |    41 |    87 |   143 |   380 |   271 ||   922

Table legend:
 A = Spawn XP
 B = Non-spawn XP
 C = Spawn XP percentage of total XP
 D = Spawn monster count
 E = Non-spawn monster count
 F = Spawn count percentage of total count
 G = Total turns spent on level
                    A         B        C        D         E        F      G
               +---------+---------+-------+---------+---------+-------+---------
         Total |       0 |  125721 |   0.0 |       0 |     745 |   0.0 | 23057
               +---------+---------+-------+---------+---------+-------+---------
           D:1 |       0 |      55 |   0.0 |       0 |      33 |   0.0 |   698
           D:2 |       0 |      92 |   0.0 |       0 |      19 |   0.0 |   781
           D:3 |       0 |     165 |   0.0 |       0 |      29 |   0.0 |   641
           D:4 |       0 |    1085 |   0.0 |       0 |      15 |   0.0 |   614
           D:5 |       0 |     526 |   0.0 |       0 |      18 |   0.0 |   717
           D:6 |       0 |    1935 |   0.0 |       0 |      30 |   0.0 |  1272
           D:7 |       0 |     153 |   0.0 |       0 |      20 |   0.0 |   539
           D:8 |       0 |    4243 |   0.0 |       0 |      32 |   0.0 |  1567
           D:9 |       0 |    1099 |   0.0 |       0 |      17 |   0.0 |  1026
          D:10 |       0 |    1721 |   0.0 |       0 |      36 |   0.0 |   829
          D:11 |       0 |    7675 |   0.0 |       0 |      50 |   0.0 |  1276
          D:12 |       0 |    9133 |   0.0 |       0 |      41 |   0.0 |  1331
          D:13 |       0 |   11454 |   0.0 |       0 |      58 |   0.0 |  1865
          D:14 |       0 |   13514 |   0.0 |       0 |      39 |   0.0 |  1709
          D:15 |       0 |   19893 |   0.0 |       0 |      37 |   0.0 |  1699
         Orc:1 |       0 |    2491 |   0.0 |       0 |      19 |   0.0 |   230
         Orc:2 |       0 |   11199 |   0.0 |       0 |      77 |   0.0 |  1967
         Elf:1 |       0 |   31525 |   0.0 |       0 |      59 |   0.0 |  1942
         Elf:2 |       0 |    4865 |   0.0 |       0 |       7 |   0.0 |   322
         Elf:3 |       0 |     202 |   0.0 |       0 |       1 |   0.0 |     5
         Sewer |       0 |     355 |   0.0 |       0 |      48 |   0.0 |   426
       Ossuary |       0 |     609 |   0.0 |       0 |      34 |   0.0 |   387
        Bailey |       0 |    1732 |   0.0 |       0 |      26 |   0.0 |  1214
               +---------+---------+-------+---------+---------+-------+---------
